 Dungeon Crawl Stone Soup version 0.32-a0-834-geaf45d8e21 (webtiles) character file.

Game seed: 15965726076446563767

193 warriortoast the Ruffian (level 5, -1/36 HPs)
             Began as an Octopode Shapeshifter on Mar 25, 2024.
             Slain by a jackal (2 damage)
             ... on level 3 of the Dungeon.
             The game lasted 00:06:47 (3004 turns).

warriortoast the Ruffian (Octopode Shapeshifter)    Turns: 3004, Time: 00:06:48

Health: -1/36      AC:  1    Str: 15    XL:     5   Next: 72%
Magic:  5/5        EV: 12    Int: 13    God:
Gold:   142        SH:  0    Dex: 11    Spells: 4/4 levels left

rFire   . .          .
                       - Unarmed
rCold   . . .        (no shield)
rNeg    . . .        (helmet currently unavailable)
rPois   .            (no amulet)
rElec   .            l - ring of resist corrosion
rCorr   +            (no ring)
SInv    .            (no ring)
Will    .....        (no ring)
Stlth   ++           (no ring)
HPRegen 0.26/turn    (no ring)
MPRegen 0.09/turn    (no ring)
                     (no ring)

%: no passive effects
@: beast-form
A: beast (slay +2), almost no armour, amphibious, 8 rings, camouflage 1,
gelatinous body 1, (nimble swimmer 1), tentacles
a: Begin Untransformation


You were on level 3 of the Dungeon.
You were a hulking beast.
You visited 1 branch of the dungeon, and saw 4 of its levels.

You collected 142 gold pieces.

Inventory:

Missiles
 h - 3 poisoned darts (quivered)
Jewellery
 j - a ring of protection from fire
 l - a ring of resist corrosion (left tentacle)
Talismans
 b - a beast talisman (active)
 c - a flux talisman
 k - a beast talisman (active)
Scrolls
 e - a scroll of poison {unknown}
 f - a scroll of fog {unknown}
 g - 3 scrolls of identify {unknown}
 n - a scroll of butterflies {unknown}
Potions
 d - a potion of resistance {unknown}
 i - a potion of brilliance {unknown}
 m - a potion of heal wounds {unknown}
 o - a potion of haste {unknown}


   Skills:
 + Level 2.9 Fighting
 + Level 1.9 Throwing
 - Level 2.0 Dodging
 + Level 4.1 Unarmed Combat
 + Level 3.9 Shapeshifting


You had 4 spell levels left.
You didn't know any spells.
Your spell library contained the following spells:

 Spells                   Type           Power      Damage    Failure   Level
 Apportation              Tloc           0%         N/A       30%         1
 Jinxbite                 Hex            0%         N/A       43%         2
 Alistair's Intoxication  Alch           0%         N/A       100%        5


Dungeon Overview and Level Annotations

Branches:
Dungeon (4/15)
 Temple: D:4-7

Altars:


Innate Abilities, Weirdness & Mutations

You are a hulking beast.
Your limbs bulge with bestial killing power. (Slay +2)
You cannot wear most types of armour.
You are amphibious.
You can wear up to eight rings at the same time.
Your skin changes colour to match your surroundings (Stealth+).
Your rubbery body absorbs attacks. (AC +1, EV +1)
((You are camouflaged when in or above water. (Stealth+)))
You have tentacles for arms and can constrict up to eight enemies at once.


Message History

You tentacle-slap the jackal. Your grab misses the jackal.
The jackal is moderately wounded.
The jackal bites you but does no damage.
You closely miss the jackal. Your grab misses the jackal.
The jackal is moderately wounded.
The jackal bites you.
The howler monkey hoots and howls with incredible vigour!
The jackal misses you.
You closely miss the jackal. Your grab misses the jackal.
You squeeze the jackal.
You kill the jackal!
A gnoll comes into view. It is wielding a +0 whip.
An iguana comes into view.
The howler monkey hoots and howls with incredible vigour!
The iguana closely misses you.
You hear an angry hiss.
You hear a shout!
You hear an angry hiss.
You hear an angry growl.
The jackal misses you. The iguana closely misses you.
You see here a +0 whip.
The adder hisses angrily.
A goblin comes into view. It is wielding a +0 club.
The iguana bites you!
* * * LOW HITPOINT WARNING * * *
The jackal attacks as it pursues you! The jackal closely misses you.
The jackal closely misses you.
There is a stone staircase leading up here.
The jackal barely misses you. The jackal closely misses you.
You climb upwards.
There is a stone staircase leading down here.
You tentacle-slap the jackal but do no damage.
Your grab misses the jackal. Your squeeze misses the jackal.
The jackal bites you.
* * * LOW HITPOINT WARNING * * *
The jackal closely misses you. The jackal bites you.
* * * LOW HITPOINT WARNING * * *
The jackal closely misses you.
You closely miss the jackal. Your grab misses the jackal. The jackal bites you.
* * * LOW HITPOINT WARNING * * *
The jackal bites you.
You die...

#.##.....##.......# #..####
#.#####..#######..# #####......
#.#####..##...##..# #.......###
##...÷.÷....÷...÷..####.###..##
.....)...........#............#
########......................###
# ##........######.####..... #
######......h#######.# ###### #
#............hh......# # #
#.###.....#.########## # #
#.####...#.## # # #.#..<....## #
# #.#.###.### # ####.#.###.# #
...........# # ####.#.###.# #
###....###.# #


You could see 2 jackals.

Vanquished Creatures
  A hound (D:4)
  Robin (D:3)
  4 gnolls (D:2)
  3 adders
  2 dart slugs
  6 bats
  7 endoplasms
  4 giant cockroaches
  13 goblins
  6 hobgoblins
  6 jackals
  2 quokkas
  5 ball pythons
  7 frilled lizards
  11 kobolds
  3 rats
81 creatures vanquished.

Notes
Turn   | Place    | Note
-------+----------+-------------------------------------------
     0 | D:1      | warriortoast the Octopode Shapeshifter began the quest for
                  | the Orb.
     0 | D:1      | Reached XP level 1. HP: 13/13 MP: 1/1
   168 | D:1      | Reached XP level 2. HP: 18/18 MP: 2/2
   957 | D:2      | Reached XP level 3. HP: 24/24 MP: 3/3
  1394 | D:2      | Reached XP level 4. HP: 29/29 MP: 4/4
  1395 | D:2      | Reached skill level 1 in Throwing
  2192 | D:3      | Reached XP level 5. HP: 35/35 MP: 5/5
  2337 | D:3      | Noticed Robin
  2358 | D:3      | Killed Robin
  2375 | D:3      | Reached skill level 4 in Unarmed Combat
  3004 | D:3      | HP: 1/36 [jackal (3)]
  3004 | D:3      | Slain by a jackal

Illustrated notes

Levels and vault maps discovered:
D:1:      amcnicky_arrival_underground_garden, layout_basic
D:2:      layout_loops_cross
D:3:      layout_loops_ring, uniq_robin
D:4:      layout_rooms

Skill      XL: |  1  2  3  4  5 |
---------------+----------------+-----
Fighting       | 2 |  2.9
Throwing       | 1 |  1.9
Unarmed Combat | 4 |  4.1
Dodging        | |  2.0
Shapeshifting  | |  3.9

Action                     |  1- 3 |  4- 6 || total
---------------------------+-------+-------++-------
  Melee: Unarmed           |    64 |    73 ||   137
         Constrict         |    18 |    12 ||    30
         Tentacles         |     9 |     7 ||    16
         Punch             |     2 |       ||     2
  Throw: Dart              |    18 |    14 ||    32
    Use: Potion            |       |     1 ||     1
   Stab: Sleeping          |     8 |     5 ||    13
 Armour: Skin              |    17 |    60 ||    77
  Dodge: Dodged            |    35 |    48 ||    83

Table legend: (Time is in decaauts)
 A = Elapsed time spent in this place.
 B = Non-inter-level travel time spent in this place.
 C = Inter-level travel time spent in this place.
 D = Time resting spent in this place.
 E = Time spent auto-exploring this place.
 F = Levels seen in this place.
 G = Mean time per level.
                   A        B        C        D        E       F      G
               +--------+--------+--------+--------+--------+-----+--------+
         Total |   2993 |   2879 |    114 |    779 |   1417 |   4 |  748.2 |
       Dungeon |   2993 |   2879 |    114 |    779 |   1417 |   4 |  748.2 |
               +--------+--------+--------+--------+--------+-----+--------+

Top non-repeatable levels by time:
     D:3: 1076 daAuts
     D:2: 974 daAuts
     D:1: 907 daAuts
     D:4: 34 daAuts
